 Dungeon Crawl Stone Soup version 0.29.1-1-gd02db6906a (webtiles) character file.

Game seed: 13457522223795084665

30 Aibolit the Trooper (level 3, -7/33 HPs)
             Began as a Hill Orc Fighter on Oct 8, 2022.
             Killed from afar by Natasha (12 damage)
             ... with a bolt of dispelling energy
             ... on level 2 of the Dungeon.
             The game lasted 00:00:58 (595 turns).

Aibolit the Trooper (Hill Orc Fighter)               Turns: 595, Time: 00:00:59

Health: -7/33      AC:  7    Str: 20    XL:     3   Next: 20%
Magic:  3/3        EV:  9    Int:  8    God:
Gold:   10         SH:  4    Dex: 10    Spells: 2/2 levels left

rFire   . . .      SeeInvis .   a - +0 war axe
rCold   . . .      Faith    .   c - +0 buckler
rNeg    . . .      Spirit   .   b - +0 scale mail
rPois   .          Reflect  .   (no helmet)
rElec   .          Harm     .   (no cloak)
rCorr   .          Rampage  .   (no gloves)
Will    .....                   (no boots)
Stlth   ..........              (no amulet)
HPRegen 0.11/turn               (no ring)
MPRegen 0.08/turn               (no ring)

@: no status effects
A: no striking features
a: no special abilities


You were on level 2 of the Dungeon.
You visited 1 branch of the dungeon, and saw 2 of its levels.

You collected 10 gold pieces.

Inventory:

Hand Weapons
 a - a +0 war axe (weapon)
Armour
 b - a +0 scale mail (worn)
 c - a +0 buckler (worn)
Scrolls
 e - a scroll of identify {unknown}
 g - a scroll of immolation {unknown}
Potions
 d - a potion of might
 f - a potion of curing {unknown}


   Skills:
 + Level 4.0 Fighting
 + Level 3.2 Axes
 + Level 3.7 Armour
 + Level 3.7 Shields


You had 2 spell levels left.
You didn't know any spells.
Your spell library was empty.

Dungeon Overview and Level Annotations

Branches:
Dungeon (2/15)

Altars:

Annotations:
D:2 Natasha


Message History

You kill the ball python!
You closely miss the adder.
You hear an angry hiss.
The adder barely misses you.
Natasha, Servant of Life and Death comes into view.
She is carrying a wand of quicksilver (8).
Found a scroll labelled DIOVE JUNKOM.
Natasha hisses angrily.
The adder bites you but does no damage.
Natasha stares at you and mumbles some strange words.
The magic dart hits you. The adder bites you but does no damage.
You see here a ball python corpse.
You are too injured to fight recklessly!
You are too injured to fight recklessly!
You are too injured to fight recklessly!
You miss the adder.
The adder is heavily wounded.
The adder bites you but does no damage.
You hit the adder but do no damage.
The adder is heavily wounded.
The adder bites you. You block the adder's attack.
The adder closely misses you.
You barely miss the adder.
The adder is heavily wounded.
You hit the adder. The adder bites you but does no damage.
The adder closely misses you.
A hobgoblin comes into view.
The adder barely misses you. The adder bites you but does no damage.
The adder barely misses you. Natasha casts a spell at you.
The magic dart hits you!
* * * LOW HITPOINT WARNING * * *
The adder attacks as you move away! The adder closely misses you.
Found a spear.
Found an escape hatch in the floor.
The adder bites you but does no damage. Natasha barely misses you.
The adder barely misses you.
You are too injured to fight recklessly!
You are too injured to fight recklessly!
The adder bites you but does no damage.
Natasha zaps a wand.
The bolt of dispelling energy hits you!
You die...

................#
.##...........#.
.............##
.............#
..........!###
....>...†....##..
.##.....S........
#......hS.......
#......@....#...
#.....g...#...#.
..........###...
............ ...
.?.........## .
............
......>...)..
...........###


You could see Natasha, 2 adders and a hobgoblin.

Vanquished Creatures
  2 dart slugs (D:1)
  4 bats (D:1)
  2 endoplasms (D:1)
  A giant cockroach (D:1)
  3 goblins (D:1)
  3 jackals (D:1)
  A kobold (D:1)
  3 quokkas (D:1)
  2 ball pythons
  2 rats (D:1)
23 creatures vanquished.

Notes
Turn   | Place    | Note
-------+----------+-------------------------------------------
     0 | D:1      | Aibolit the Hill Orc Fighter began the quest for the Orb.
     0 | D:1      | Reached XP level 1. HP: 19/19 MP: 1/1
   157 | D:1      | Reached XP level 2. HP: 27/27 MP: 2/2
   541 | D:1      | Reached skill level 4 in Fighting
   548 | D:1      | Reached XP level 3. HP: 32/33 MP: 3/3
   564 | D:1      | Found a faded altar of an unknown god.
   579 | D:1      | You fall into a shaft and drop 1 floor!
   589 | D:2      | Noticed Natasha
   595 | D:2      | Killed from afar by Natasha

Illustrated notes

Levels and vault maps discovered:
D:1:      shiori_arrival_elements, layout_loops_ring,
          ebering_ecumenical_altar_box
D:2:      layout_rooms, uniq_natasha

Skill      XL: |  1  2 |
---------------+-------+-----
Axes           | 3 |  3.2
Fighting       | 4 |  4.0
Armour         | |  3.7
Shields        | |  3.7

Action                   || total
-------------------------++-------
Melee: War axe           ||    63
Armor: Scale mail        ||    34
Dodge: Dodged            ||    44
Block: Buckler           ||    16
